PL
PHOENIX HOTSPUR @ RICHARDSON CITY THUNDERCATS
09/17/2022
 
TOP OF THE 1ST
Phoenix Hotspur batting - Pitching for Richardson City Thundercats : RHP Josef van der Poel
Pitching: RHP Josef van der Poel
Batting: RHB Juan Banda 0-0: Ground out 4-3 (Groundball, 4)
Batting: RHB Raúl González 0-0: Called Strike
0-1: Foul Ball, location: 2F
0-2: Foul Ball, location: 2F
0-2: Ball
1-2: Fly out, F9 (Flyball, 9M)
Batting: RHB Pedro Torrez 0-0: Ball
1-0: Ball
2-0: Foul Ball, location: 2F
2-1: Ball
3-1: Called Strike
3-2: Foul Ball, location: 2F
3-2: Fly out, F7 (Line Drive, 7M)
Top of the 1st over - 0 run(s), 0 hit(s), 0 error(s), 0 left on base; Phoenix 0 - Richardson City 0
BOTTOM OF THE 1ST
Richardson City Thundercats batting - Pitching for Phoenix Hotspur : RHP Cory Sanders
Pitching: RHP Cory Sanders
Batting: SHB Leonard O'Connor 0-0: Called Strike
0-1: Swinging Strike
0-2: Ball
1-2: Foul Ball, location: 2F
1-2: Foul Ball, location: 2F
1-2: Ground out 6-3 (Groundball, 6)
Batting: RHB Juan Cabrera 0-0: Ball
1-0: SINGLE (Groundball, 6M)
Batting: RHB Alden Wiley 0-0: Called Strike
0-1: Ball
1-1: DOUBLE (Line Drive, 7LS)
Juan Cabrera to third
Batting: RHB Joey Jones 0-0: Ground out 1-3 (Groundball, 23)
Batting: RHB Nate Cates 0-0: Called Strike
0-1: Swinging Strike
0-2: Foul Ball, location: 2F
0-2: Ball
1-2: Ball
2-2: Strikes out swinging
Bottom of the 1st over - 0 run(s), 2 hit(s), 0 error(s), 2 left on base; Phoenix 0 - Richardson City 0
TOP OF THE 2ND
Phoenix Hotspur batting - Pitching for Richardson City Thundercats : RHP Josef van der Poel
Batting: LHB John Cossey 0-0: Called Strike
0-1: Called Strike
0-2: Ground out U3 (Groundball, 3)
Batting: SHB Dave Orchard 0-0: Ball
1-0: Foul Ball, location: 2F
1-1: Ball
2-1: SOLO HOME RUN (Flyball, 9D), Distance : 363 ft
Batting: RHB Keith Burnett 0-0: Foul Ball, location: 2F
0-1: Ball
1-1: Ball
2-1: Fly out, F8 (Flyball, 8RM)
Batting: LHB Clark Espinosa 0-0: SINGLE (Line Drive, 4MD)
Batting: RHB Félix Rodríguez 0-0: Ground out 6-3 (Groundball, 56)
Top of the 2nd over - 1 run(s), 2 hit(s), 0 error(s), 1 left on base; Phoenix 1 - Richardson City 0
BOTTOM OF THE 2ND
Richardson City Thundercats batting - Pitching for Phoenix Hotspur : RHP Cory Sanders
Batting: LHB Terrence Eler 0-0: Foul Ball, location: 2F
0-1: Ball
1-1: Ball
2-1: Foul Ball, location: 2F
2-2: Ball
3-2: Strikes out swinging
Batting: RHB Yong-oon Yi 0-0: Foul Ball, location: 2F
0-1: Called Strike
0-2: Ball
1-2: Ground out 5-3 (Groundball, 56S)
Batting: RHB Steve Dunn 0-0: Ball
1-0: Foul Ball, location: 2F
1-1: Ball
2-1: Ball
3-1: Base on Balls
Batting: RHB Chriss Mann 0-0: Swinging Strike
0-1: Ball
Wild Pitch!
Steve Dunn to second
1-1: Ball
2-1: Ball
3-1: Base on Balls
Batting: SHB Leonard O'Connor 0-0: Foul Ball, location: 2F
0-1: Ball
1-1: Ball
2-1: Foul Ball, location: 2F
2-2: Ball
3-2: Base on Balls
Steve Dunn to third
Chriss Mann to second
Batting: RHB Juan Cabrera 0-0: Called Strike
0-1: Fly out, F8 (Flyball, 8RS)
Bottom of the 2nd over - 0 run(s), 0 hit(s), 0 error(s), 3 left on base; Phoenix 1 - Richardson City 0
TOP OF THE 3RD
Phoenix Hotspur batting - Pitching for Richardson City Thundercats : RHP Josef van der Poel
Batting: RHB Chet Nix 0-0: Called Strike
0-1: Foul Ball, location: 2F
0-2: Strikes out swinging
Batting: RHB Juan Banda 0-0: Called Strike
0-1: Ball
1-1: Foul Ball, location: 2F
1-2: Foul Ball, location: 2F
1-2: Ball
2-2: Strikes out looking
Batting: RHB Raúl González 0-0: SINGLE (Flyball, 34D)
Batting: RHB Pedro Torrez 0-0: Foul Ball, location: 2F
0-1: Ball
1-1: Fly out, F9 (Flyball, 89M)
Top of the 3rd over - 0 run(s), 1 hit(s), 0 error(s), 1 left on base; Phoenix 1 - Richardson City 0
BOTTOM OF THE 3RD
Richardson City Thundercats batting - Pitching for Phoenix Hotspur : RHP Cory Sanders
Batting: RHB Alden Wiley 0-0: Called Strike
0-1: Ball
1-1: Ball
2-1: Ball
3-1: Base on Balls
Batting: RHB Joey Jones 0-0: Ball
1-0: Ball
2-0: Ball
3-0: Called Strike
3-1: Fielders Choice at 2nd, 1-6 (Groundball, 13)
Batting: RHB Nate Cates 0-0: Ball
Joey Jones is caught stealing 2nd base
1-0: Fly out, F8 (Flyball, 8LS)
Bottom of the 3rd over - 0 run(s), 0 hit(s), 0 error(s), 0 left on base; Phoenix 1 - Richardson City 0
TOP OF THE 4TH
Phoenix Hotspur batting - Pitching for Richardson City Thundercats : RHP Josef van der Poel
Batting: LHB John Cossey 0-0: Ground out 6-3 (Groundball, 6M)
Batting: SHB Dave Orchard 0-0: Ball
1-0: Foul Ball, location: 2F
1-1: Ball
2-1: Ball
3-1: Called Strike
3-2: Strikes out swinging
Batting: RHB Keith Burnett 0-0: Foul Ball, location: 2F
0-1: Foul Ball, location: 2F
0-2: Foul Ball, location: 2F
0-2: Strikes out swinging
Top of the 4th over - 0 run(s), 0 hit(s), 0 error(s), 0 left on base; Phoenix 1 - Richardson City 0
BOTTOM OF THE 4TH
Richardson City Thundercats batting - Pitching for Phoenix Hotspur : RHP Cory Sanders
Batting: LHB Terrence Eler 0-0: Foul Ball, location: 2F
0-1: Foul Ball, location: 2F
0-2: Strikes out swinging
Batting: RHB Yong-oon Yi 0-0: Ball
1-0: Fly out, F5 (Popup, 5F)
Batting: RHB Steve Dunn 0-0: Ball
1-0: SINGLE (Groundball, 56D)
Batting: RHB Chriss Mann 0-0: Ball
1-0: Ball
2-0: Ball
3-0: Base on Balls
Steve Dunn to second
Batting: SHB Leonard O'Connor 0-0: Called Strike
0-1: Fly out, F7 (Flyball, 7LS)
Bottom of the 4th over - 0 run(s), 1 hit(s), 0 error(s), 2 left on base; Phoenix 1 - Richardson City 0
TOP OF THE 5TH
Phoenix Hotspur batting - Pitching for Richardson City Thundercats : RHP Josef van der Poel
Batting: LHB Clark Espinosa 0-0: SINGLE (Groundball, 4M)
Batting: RHB Félix Rodríguez 0-0: Foul Ball, location: 2F
0-1: Ball
1-1: Grounds into double play, 1-6-3 (Groundball, 13S)
Batting: RHB Chet Nix 0-0: Ball
1-0: Called Strike
1-1: Ball
2-1: Ground out 4-3 (Groundball, 4)
Top of the 5th over - 0 run(s), 1 hit(s), 0 error(s), 0 left on base; Phoenix 1 - Richardson City 0
BOTTOM OF THE 5TH
Richardson City Thundercats batting - Pitching for Phoenix Hotspur : RHP Cory Sanders
Pitching: RHP Craig Moody
Batting: RHB Juan Cabrera 0-0: Reached on error, E6 (Groundball, 6)
Batting: RHB Alden Wiley 0-0: Fly out, F9 (Flyball, 89S)
Batting: RHB Joey Jones 0-0: Fly out, F8 (Flyball, 8RD)
Batting: RHB Nate Cates 0-0: Ball
1-0: Ball
2-0: Called Strike
2-1: Foul Ball, location: 2F
2-2: SINGLE (Line Drive, 78S)
Juan Cabrera to second
Runner from 2nd tries for 3rd, SAFE, no throw or cutoff
Batting: LHB Terrence Eler 0-0: Foul Ball, location: 2F
0-1: Called Strike
0-2: Fly out, F7 (Flyball, 7D)
Bottom of the 5th over - 0 run(s), 1 hit(s), 1 error(s), 2 left on base; Phoenix 1 - Richardson City 0
TOP OF THE 6TH
Phoenix Hotspur batting - Pitching for Richardson City Thundercats : RHP Josef van der Poel
Batting: RHB Juan Banda 0-0: Swinging Strike
0-1: Ball
1-1: Foul Ball, location: 2F
1-2: Foul Ball, location: 2F
1-2: Fly out, F8 (Flyball, 8RM)
Batting: RHB Raúl González 0-0: Ball
1-0: Ground out 5-3 (Groundball, 5)
Batting: RHB Pedro Torrez 0-0: Foul Ball, location: 2F
0-1: Ground out 6-3 (Groundball, 6)
Top of the 6th over - 0 run(s), 0 hit(s), 0 error(s), 0 left on base; Phoenix 1 - Richardson City 0
BOTTOM OF THE 6TH
Richardson City Thundercats batting - Pitching for Phoenix Hotspur : RHP Craig Moody
Batting: RHB Yong-oon Yi 0-0: Foul Ball, location: 2F
0-1: Ball
1-1: Foul Ball, location: 2F
1-2: Strikes out swinging
Pitching: RHP Craig Gasnier
Batting: RHB Steve Dunn 0-0: DOUBLE (Line Drive, 78M)
Batting: RHB Chriss Mann 0-0: Foul Ball, location: 2F
0-1: Ground out 6-3 (Groundball, 56)
Batting: SHB Leonard O'Connor 0-0: Called Strike
0-1: Ball
1-1: Called Strike
1-2: Strikes out swinging
Bottom of the 6th over - 0 run(s), 1 hit(s), 0 error(s), 1 left on base; Phoenix 1 - Richardson City 0
TOP OF THE 7TH
Phoenix Hotspur batting - Pitching for Richardson City Thundercats : RHP Josef van der Poel
Batting: LHB John Cossey 0-0: Swinging Strike
0-1: Foul Ball, location: 2F
0-2: Ball
1-2: Fly out, F6 (Popup, 6D)
Batting: SHB Dave Orchard 0-0: Ball
1-0: Ball
2-0: Fly out, F9 (Flyball, 9S)
Batting: RHB Keith Burnett 0-0: Called Strike
0-1: Ball
1-1: Ball
2-1: Ball
3-1: Base on Balls
Batting: LHB Clark Espinosa 0-0: Called Strike
0-1: Called Strike
0-2: Ball
1-2: Ball
2-2: Ball
3-2: Foul Ball, location: 2F
3-2: Fly out, F8 (Flyball, 8LM)
Top of the 7th over - 0 run(s), 0 hit(s), 0 error(s), 1 left on base; Phoenix 1 - Richardson City 0
BOTTOM OF THE 7TH
Richardson City Thundercats batting - Pitching for Phoenix Hotspur : RHP Craig Gasnier
Batting: RHB Juan Cabrera 0-0: Called Strike
0-1: SINGLE (Groundball, 25) (infield hit)
Batting: RHB Alden Wiley 0-0: Called Strike
0-1: Ball
1-1: Ball
2-1: Foul Ball, location: 2F
2-2: Ball
3-2: Foul Ball, location: 2F
3-2: Foul Ball, location: 2F
3-2: SINGLE (Line Drive, 7LS)
Juan Cabrera to second
Batting: RHB Joey Jones 0-0: Ball
1-0: Called Strike
1-1: Ball
2-1: SINGLE (Line Drive, 78S)
Juan Cabrera to third
Alden Wiley to second
Pitching: RHP Miguel Angel Liñares
Batting: RHB Nate Cates 0-0: Ball
1-0: Called Strike
1-1: Called Strike
1-2: Ball
2-2: Strikes out swinging
Batting: LHB Terrence Eler 0-0: Called Strike
0-1: Fly out, F7 (Flyball, 7M)
Runner from 3rd tags up, SCORES, no throw
Batting: RHB Yong-oon Yi 0-0: SINGLE (Groundball, 56D)
Alden Wiley to third
Joey Jones to second
Runner from 3rd tries for Home, SAFE, no throw or cutoff
Batting: RHB Steve Dunn 0-0: Ball
1-0: Ball
2-0: TRIPLE (Line Drive, 3L)
Joey Jones scores
Yong-oon Yi scores
Batting: RHB Chriss Mann 0-0: Fly out, F3 (Line Drive, 3)
Bottom of the 7th over - 4 run(s), 5 hit(s), 0 error(s), 1 left on base; Phoenix 1 - Richardson City 4
TOP OF THE 8TH
Phoenix Hotspur batting - Pitching for Richardson City Thundercats : RHP Josef van der Poel
Batting: RHB Félix Rodríguez 0-0: Foul Ball, location: 2F
0-1: Foul Ball, location: 2F
0-2: SINGLE (Line Drive, 6M)
Batting: RHB Chet Nix 0-0: Called Strike
0-1: Grounds into double play, 5-4-3 (Groundball, 56)
Batting: RHB Juan Banda 0-0: Foul Ball, location: 2F
0-1: Ball
1-1: Called Strike
1-2: Fly out, F3 (Popup, 23F)
Top of the 8th over - 0 run(s), 1 hit(s), 0 error(s), 0 left on base; Phoenix 1 - Richardson City 4
BOTTOM OF THE 8TH
Richardson City Thundercats batting - Pitching for Phoenix Hotspur : RHP Miguel Angel Liñares
Batting: SHB Leonard O'Connor 0-0: Ball
1-0: Called Strike
1-1: Foul Ball, location: 2F
1-2: SINGLE (Groundball, 5D)
Batting: RHB Juan Cabrera 0-0: Ground out 6-3 (Groundball, 6M)
Leonard O'Connor to second
Batting: RHB Alden Wiley 0-0: Called Strike
0-1: Fly out, F8 (Flyball, 8RD)
Runner from 2nd tags up, SAFE at 3rd, no throw
Batting: RHB Joey Jones 0-0: Fly out, F4 (Popup, 4MD)
Bottom of the 8th over - 0 run(s), 1 hit(s), 0 error(s), 1 left on base; Phoenix 1 - Richardson City 4
TOP OF THE 9TH
Phoenix Hotspur batting - Pitching for Richardson City Thundercats : RHP Josef van der Poel
Batting: RHB Raúl González 0-0: Ball
1-0: Called Strike
1-1: SINGLE (Flyball, 89M)
Pitching: RHP Dave Reed
Batting: RHB Pedro Torrez 0-0: Ball
1-0: Called Strike
1-1: Ball
2-1: Swinging Strike
2-2: Ball
3-2: Foul Ball, location: 2F
3-2: Foul Ball, location: 2F
3-2: Strikes out swinging
Batting: LHB John Cossey 0-0: Called Strike
0-1: Foul Ball, location: 2F
0-2: Ball
1-2: Ball
2-2: Strikes out swinging
Batting: SHB Dave Orchard 0-0: Fly out, F9 (Flyball, 89M)
Top of the 9th over - 0 run(s), 1 hit(s), 0 error(s), 1 left on base; Phoenix 1 - Richardson City 4
This league is powered by Out of the Park Baseball, the baseball management simulation game for PC, Mac and Linux
Friday, April 15th, 2016 - OOTP Baseball 16.9 Build 39